Map: Radhuset Station LE

Players

BukuMan

  • Race: Protoss Protoss
  • League: Gold
  • Spawn Location: 1:00

Subwayeatn - Winner!

  • Race: Zerg Zerg
  • Spawn Location: 7:00

VOD

Have the link to the VOD?

Description

Time

  • Played on: Oct. 15, 2023, 1:44 p.m.
  • Length: 12:03
Show
View Real Time Build Order
Export as new Build Order

BukuMan Protoss 

Build Orders:  

Get SALT Encoding   

  12  0:00  Probe  
  13  0:14  Pylon  
  13  0:17  Probe  
  14  0:30  Probe  
  15  0:41  Gateway  
  15  0:47  Assimilator, Probe (Chrono Boost)  
  16  0:56  Probe (Chrono Boost)  
  17  1:01  Probe (Chrono Boost)  
  17  1:03  Assimilator  
  18  1:13  Forge  
  18  1:16  Pylon  
  18  1:21  Probe (Chrono Boost)  
  19  1:30  Probe (Chrono Boost)  
  20  1:36  Cybernetics Core  
  20  1:41  Probe  
  21  1:53  Probe  
  22  2:12  Warp Gate  
  22  2:14  Nexus  
  22  2:20  Probe  
  23  2:33  Twilight Council  
  23  2:35  Pylon  
  23  2:46  Pylon  
  23  2:55  Pylon  
  23  3:04  Gateway  
  23  3:13  Stargate  
  23  3:15  Pylon  
  23  3:20  Protoss Ground Weapons Level 1  
  23  3:35  Gateway  
  23  3:38  Zealot (Chrono Boost)  
  25  3:45  Probe x2  
  27  4:02  Zealot  
  33  4:04  Void Ray  
  33  4:08  Zealot  
  34  4:17  Pylon  
  34  4:28  Stalker  
  35  4:32  Probe x2 (Chrono Boost)  
  37  4:42  Probe (Chrono Boost)  
  37  4:43  Probe (Chrono Boost)  
  39  4:47  Probe x2 (Chrono Boost)  
  41  5:06  Probe x2  
  43  5:12  Assimilator  
  43  5:18  Probe x2  
  45  5:30  Probe  
  45  5:31  Probe  
  47  5:42  Probe  
  47  5:46  Probe  
  49  5:55  Probe  
  50  5:58  Probe  
  50  5:59  Gateway  
  50  6:00  Gateway  
  50  6:03  Gateway  
  51  6:07  Probe, Forge  
  51  6:10  Probe  
  51  6:11  Pylon  
  53  6:14  Pylon  
  53  6:20  Pylon  
  53  6:25  Gateway  
  49  6:26  Gateway  
  49  6:28  Stalker  
  49  6:29  Stalker  
  53  6:36  Gateway  
  53  6:38  Gateway  
  53  6:39  Gateway  
  53  6:59  Shield Battery  
  53  7:01  Shield Battery  
  53  7:03  Pylon  
  53  7:04  Pylon  
  53  7:07  Assimilator  
  53  7:31  Probe x2  
  55  7:41  Nexus  
  55  7:42  Stalker x4  
  55  7:43  Pylon, Stalker  
  65  7:45  Pylon  
  65  7:48  Stalker  
  67  7:53  Protoss Ground Armor Level 1  
  67  7:57  Protoss Ground Weapons Level 2  
  65  8:06  Zealot x2  
  69  8:18  Sentry  
  69  8:19  Sentry x3  
  77  8:21  Stalker  
  77  8:22  Stalker  
  77  8:25  Stalker  
  79  8:46  Stalker x4  
  79  8:47  Stalker  
  89  8:53  Probe x3  
  92  8:59  Assimilator  
  86  9:09  Charge  
  58  9:28  Stalker x3  
  58  9:29  Stalker x2  
  54  9:49  Stalker x2  
  54  9:50  Stalker x3  
  62  10:01  Probe  
  62  10:02  Probe x2  
  65  10:13  Probe  
  66  10:14  Probe x2  
  68  10:21  Assimilator  
  68  10:25  Probe  
  68  10:26  Probe x2  
  71  10:36  Pylon x2  
  71  10:38  Pylon  
  71  10:39  Pylon, Stalker  
  71  10:40  Stalker  
  75  10:50  Stalker x2  
  75  10:51  Stalker  
  75  11:04  Zealot x3  
  75  11:05  Zealot  
  75  11:06  Zealot  
  73  11:15  Zealot  
  73  11:16  Zealot x2  
  63  11:24  Stalker  
  63  11:25  Stalker  
  59  11:26  Stalker  
  51  11:42  Zealot  
  51  11:43  Zealot x4  
  61  11:48  Zealot  
Show
View Real Time Build Order
Export as new Build Order

Subwayeatn Zerg - Winner!

Build Orders: Hatch First, Roach Hydra 

Get SALT Encoding   

  12  0:00  Drone  
  13  0:12  Overlord  
  13  0:20  Drone  
  14  0:31  Drone x2  
  16  0:50  Hatchery  
  15  1:00  Drone x3  
  18  1:04  Extractor  
  17  1:19  Spawning Pool  
  17  1:23  Drone  
  17  1:28  Drone  
  17  1:32  Drone  
  19  1:43  Overlord  
  19  2:05  Queen  
  19  2:06  Queen  
  23  2:10  Zergling x2  
  23  2:11  Zergling x4  
  26  2:24  Overlord  
  26  2:40  Drone  
  26  2:41  Drone x4  
  31  2:53  Lair  
  31  2:55  Drone x2  
  31  2:57  Drone  
  34  3:05  Drone  
  35  3:07  Drone  
  36  3:13  Drone  
  37  3:20  Roach Warren  
  37  3:25  Evolution Chamber  
  35  3:27  Evolution Chamber  
  35  3:31  Drone x5  
  39  3:45  Drone x2  
  39  3:47  Drone x3  
  44  3:53  Zerg Missile Weapons Level 1  
  44  3:54  Zerg Ground Armor Level 1  
  44  3:58  Extractor x2  
  44  3:59  Extractor  
  41  4:06  Queen  
  41  4:08  Drone  
  44  4:10  Overlord  
  44  4:11  Overlord  
  43  4:31  Glial Reconstitution  
  43  4:38  Drone x3  
  46  4:39  Drone x3  
  49  4:50  Overlord  
  49  5:03  Hydralisk Den  
  48  5:12  Overlord x2  
  48  5:17  Hatchery  
  48  5:18  Spore Crawler  
  46  5:22  Drone x2, Spore Crawler  
  46  5:24  Drone x2  
  49  5:31  Overseer  
  49  5:36  Zergling x2  
  49  5:39  Hydralisk  
  49  5:40  Hydralisk x7  
  66  5:48  Muscular Augments  
  66  6:09  Pneumatized Carapace  
  66  6:13  Roach  
  68  6:29  Drone x2  
  68  6:31  Overlord  
  68  6:32  Overlord  
  70  6:33  Overlord  
  70  6:37  Zerg Missile Weapons Level 2, Zerg Ground Armor Level 2  
  69  6:46  Drone x5  
  73  6:50  Drone x8  
  73  6:52  Grooved Spines  
  81  7:02  Drone x3  
  81  7:03  Drone x2  
  86  7:11  Spore Crawler  
  85  7:19  Hatchery  
  85  7:20  Extractor  
  85  7:22  Extractor  
  82  7:23  Overlord x3  
  82  7:48  Hydralisk x11  
  100  8:49  Queen  
  102  9:00  Lurker Den  
  99  9:08  Roach x10  
  109  9:34  Hydralisk x6  
  103  9:55  Ravager x5  
  103  9:56  Ravager x2  
  110  10:02  Lurker x3  
  113  10:20  Spore Crawler  
  112  10:25  Drone  
  112  10:27  Drone x3  
  112  10:28  Infestation Pit, Overlord  
  115  10:29  Hydralisk x2  
  115  10:32  Overlord x6  
  115  10:34  Overseer  
  116  11:01  Roach x14  
  116  11:02  Roach x8  
  146  11:20  Roach  
  146  11:21  Roach x3  
Tags
 
Composition
Roach Hydra
League
Gold
Matchup
PvZ
Replay Pack
Multiplayer
Spawn Locations
Cross Positions
Add a new tag
Caveats
  • Supply blocks, unpowered buildings, or Contaminate may cause inaccurate times.
  • Supply counts are checked every 10 seconds.